 Dungeon Crawl Stone Soup version 0.22.1-2-g9c5b331 (webtiles) character file.

4008 Gearfox the Quickloader (level 10, -3/61 HPs)
             Began as a Kobold Hunter on Dec 8, 2018.
             Was a Believer of Dithmenos.
             Slain by a yak (10 damage)
             ... on level 9 of the Dungeon.
             The game lasted 00:39:11 (10661 turns).

Gearfox the Quickloader (Kobold Hunter)            Turns: 10661, Time: 00:39:12

Health: -3/61      AC:  3    Str: 13    XL:     10   Next: 47%
Magic:  15/15      EV: 26    Int: 12    God:    Dithmenos [**....]
Gold:   40         SH:  5    Dex: 16    Spells: 9/9 levels left

rFire    + + .     SeeInvis .   o - +2 dagger (freeze)
rCold    + . .     Gourm    .   u - +0 buckler {rF+}
rNeg     . . .     Faith    .   q - +1 leather armour {rF+}
rPois    .         Spirit   .   (helmet restricted)
rElec    .         Reflect  .   x - scarf {repulsion}
rCorr    .         Harm     .   e - +0 pair of gloves
MR       .....                  (no boots)
Stlth    ++........             (no amulet)
HPRegen  0.20/turn              m - ring of Phasing {EV+8}
MPRegen  0.14/turn              (no ring)

@: wreathed by umbra, repel missiles
A: small, antennae 1, carnivore, cold resistance 1, deformed body, frail 1
a: Shadow Step, Renounce Religion


You were on level 9 of the Dungeon.
You worshipped Dithmenos.
Dithmenos was pleased with you.
You were very full.

You visited 1 branch of the dungeon, and saw 9 of its levels.

You collected 281 gold pieces.
You spent 241 gold pieces at shops.

Inventory:

Hand Weapons
 a - a +2 hand crossbow
 o - a +2 dagger of freezing (weapon)
Armour
 e - a +0 pair of gloves (worn)
 h - a +1 helmet
 q - a +1 leather armour of fire resistance (worn)
 u - a +0 buckler of fire resistance (worn)
 w - a +0 cloak
 x - a scarf of repulsion (worn)
Jewellery
 g - an uncursed amulet of faith
 m - the ring of Phasing (left hand) {EV+8}
   (You found it on level 5 of the Dungeon)

   [ring of evasion]

   It affects your evasion (+8).
Wands
 b - a wand of flame (13)
 p - a wand of clouds (5)
 s - a wand of polymorph (5)
Scrolls
 c - 2 scrolls of amnesia
 d - a scroll of magic mapping
 j - 7 scrolls of remove curse
 k - a scroll of blinking
 v - a scroll of fog
Potions
 i - 2 potions of haste
 l - 6 potions of lignification
 r - 2 potions of curing
 t - a potion of heal wounds
 z - a potion of cancellation {unknown}
Comestibles
 f - 19 rations


   Skills:
 - Level 10.0 Fighting
 - Level 10.1 Crossbows
 + Level 6.8 Dodging
 - Level 1.3 Stealth
 + Level 1.1 Shields
 * Level 6.7 Invocations
 + Level 1.4 Evocations


You had 9 spell levels left.
You didn't know any spells.
Your spell library contained the following spells:

 Spells                   Type           Power        Failure   Level  Hunger
 Freeze                   Ice            #...         54%         1    ##.....
 Throw Frost              Conj/Ice       #.....       67%         2    ###....
 Ozocubu's Armour         Chrm/Ice       #.......     88%         3    ####...
 Cause Fear               Hex            #.........   99%         4    #####..
 Summon Ice Beast         Ice/Summ       #.......     99%         4    #####..
 Throw Icicle             Conj/Ice       #.......     99%         4    #####..
 Silence                  Hex/Air        #.........   100%        5    ######.
 Yara's Violent Unravell  Hex/Tmut       #.........   100%        5    ######.
 Deflect Missiles         Chrm/Air       #.........   100%        6    #######
 Discord                  Hex            #.........   100%        8    #######


Dungeon Overview and Level Annotations

Branches:
Dungeon (9/15)             Temple (0/1) D:5
   Lair: D:8-11         Orc: D:9-12

Altars:
Dithmenos
Kikubaaqudgha
Nemelex Xobeh
Qazlal
Sif Muna
Vehumet
Wu Jian
Zin
The Shining One

Shops:
D:4 *   D:8 [


Innate Abilities, Weirdness & Mutations

You are small and have problems with some larger weapons.
You are carnivorous and can eat meat at any time.
You have a pair of small antennae on your head.
Your flesh is cold resistant. (rC+)
Armour fits poorly on your strangely shaped body.
You are frail. (-10% HP)


Message History

The hippogriff claws you.
* * * LOW HITPOINT WARNING * * *
You hit the yak. You freeze the yak.
The yak is lightly wounded.
The yak gores you!
* * * LOW HITPOINT WARNING * * *
The hippogriff closely misses you. You block the hippogriff's attack.
The hippogriff claws you but does no damage.
You hit the yak but do no damage.
The yak is lightly wounded.
You block the yak's attack. The hippogriff completely misses you.
The hippogriff closely misses you. You block the hippogriff's attack.
You barely miss the yak.
The yak is lightly wounded.
The yak completely misses you. The hippogriff completely misses you.
You block the hippogriff's attack. The hippogriff completely misses you.
You hit the yak. You freeze the yak.
The yak is moderately wounded.
The yak gores you!
You die...

.)...#.#.#####..# .#
######.#.##.)...######.##.#
### #.#.##.###...>..(..o.#
..####...##.# #######.##..#
.........##.# #....#.# #
#.####.#.##.# #.##.#.# ..#
#.#)##.# #.##.#(# ###
#.#.##.####H##.#.#
#.#.##...##@Y....#
#...####.#####.##### #####
#.....#.....# #####.#####.#
#.....))# #########


You could see a hippogriff and a yak.

Vanquished Creatures
  Eustachio (D:6)
  2 yaks (D:9)
  Menkaure (D:6)
  A hungry ghost (D:9)
  2 orc warriors
  A black bear (D:9)
  An ice beast (D:8)
  2 sky beasts
  A necrophage (D:7)
  3 phantoms
  5 centaurs
  5 ogres
  A crocodile (D:9)
  3 scorpions
  4 killer bees
  8 howler monkeys
  A centaur zombie (D:8)
  A jelly (D:5)
  2 orc priests
  A hound (D:7)
  4 bullfrog skeletons
  2 iguanas (D:7)
  9 worker ants
  5 orc wizards
  A hound zombie (D:7)
  A hound skeleton (D:8)
  A howler monkey zombie (D:7)
  A worker ant zombie (D:8)
  10 adders
  An ooze (D:2)
  2 adder skeletons
  3 worms
  3 dart slugs (D:1)
  2 leopard geckos
  22 orcs
  8 bats
  7 giant cockroaches
  2 goblins (D:2)
  4 hobgoblins
  12 jackals
  5 kobolds
  7 quokkas
  2 ball pythons
  3 frilled lizards
  A quokka skeleton (D:4)
  7 rats
171 creatures vanquished.

Vanquished Creatures (others)
  An adder skeleton (D:8)
  A jackal (D:8)
2 creatures vanquished.

Grand Total: 173 creatures vanquished

Notes
Turn   | Place    | Note
-------+----------+-------------------------------------------
     0 | D:1      | Gearfox the Kobold Hunter began the quest for the Orb.
     0 | D:1      | Reached XP level 1. HP: 12/12 MP: 1/1
    19 | D:1      | Reached skill level 5 in Crossbows
    49 | D:1      | Reached XP level 2. HP: 10/18 MP: 2/2
   521 | D:1      | Reached XP level 3. HP: 22/22 MP: 3/3
   568 | D:1      | You fall through a shaft!
  1184 | D:1      | Reached XP level 4. HP: 27/27 MP: 4/4
  1816 | D:2      | Found a shadowy altar of Dithmenos.
  1825 | D:2      | Became a worshipper of Dithmenos the Shadowed
  2321 | D:3      | Gained mutation: Your flesh is cold resistant. (rC+)
                  | [potion of mutation]
  2321 | D:3      | Gained mutation: You are frail. (-10% HP) [potion of
                  | mutation]
  2321 | D:3      | Gained mutation: Armour fits poorly on your strangely
                  | shaped body. [potion of mutation]
  2321 | D:3      | Gained mutation: You have a pair of small antennae on your
                  | head. [potion of mutation]
  2537 | D:3      | Reached XP level 5. HP: 27/27 MP: 5/5
  2668 | D:3      | Found a glowing silver altar of Zin.
  2713 | D:4      | Noticed an ogre
  2718 | D:4      | Killed an ogre
  2790 | D:4      | Noticed an ogre
  2801 | D:4      | Killed an ogre
  2801 | D:4      | Reached XP level 6. HP: 23/33 MP: 6/6
  2916 | D:4      | Found Inoihuaguh's General Store.
  3044 | D:4      | Noticed a phantom
  3062 | D:4      | Killed a phantom
  3062 | D:4      | Reached XP level 7. HP: 36/36 MP: 7/7
  4109 | D:4      | Reached * piety under Dithmenos
  4214 | D:5      | Entered Level 5 of the Dungeon
  4258 | D:5      | Found a glowing golden altar of the Shining One.
  4258 | D:5      | Found a stormy altar of Qazlal.
  4264 | D:5      | Found an ancient bone altar of Kikubaaqudgha.
  4264 | D:5      | Found an ornate altar of the Wu Jian Council.
  4365 | D:5      | Reached skill level 10 in Crossbows
  4365 | D:5      | Reached XP level 8. HP: 43/43 MP: 8/8
  4406 | D:5      | Found the ring of Phasing {EV+8}
  4558 | D:5      | Reached skill level 1 in Invocations
  4782 | D:5      | Found a sparkling altar of Nemelex Xobeh.
  4786 | D:5      | Reached skill level 5 in Fighting
  4973 | D:5      | Found a staircase to the Ecumenical Temple.
  5178 | D:4      | Bought a scroll of enchant weapon for 97 gold pieces
  5405 | D:6      | Noticed Menkaure
  5410 | D:6      | Killed Menkaure
  6198 | D:6      | Noticed Eustachio
  6205 | D:6      | Killed Eustachio
  6205 | D:6      | Reached XP level 9. HP: 51/51 MP: 11/11
  6413 | D:7      | HP: 1/51 [something (5)]
  7722 | D:8      | Reached ** piety under Dithmenos
  8090 | D:8      | Found a deep blue altar of Sif Muna.
  8202 | D:8      | Found a radiant altar of Vehumet.
  8218 | D:8      | Reached skill level 10 in Fighting
  8404 | D:8      | Found Piteex's Armour Shop.
  8408 | D:8      | Bought a scarf of repulsion for 144 gold pieces
  8431 | D:8      | Reached XP level 10. HP: 51/61 MP: 13/13
  8710 | D:8      | Reached skill level 5 in Invocations
  9006 | D:9      | Reached skill level 5 in Dodging
  9077 | D:9      | Reached skill level 1 in Evocations
 10388 | D:9      | Reached skill level 1 in Shields
 10661 | D:9      | Slain by a yak

Skill      XL: |  1  2  3  4  5  6  7  8  9 10 |
---------------+-------------------------------+-----
Crossbows      | 5 6 8 10 | 10.1
Fighting       | 3 7 10 | 10.0
Dodging        | 3 4 6 |  6.8
Invocations    | 3 4 6 |  6.7
Evocations     | 1 |  1.4
Shields        | 1 |  1.1
Stealth        | |  1.3

Action                   |  1- 3 |  4- 6 |  7- 9 | 10-12 || total
-------------------------+-------+-------+-------+-------++-------
Melee: Dagger            |       |       |    28 |   118 ||   146
       Hand crossbow     |       |       |     1 |       ||     1
 Fire: Hand crossbow     |    76 |    71 |   305 |    87 ||   539
Evoke: Wand              |       |       |    10 |     2 ||    12
  Use: Scroll            |       |    10 |    10 |     3 ||    23
       Potion            |       |     1 |     4 |     2 ||     7
  Eat: Chunk             |     9 |     6 |    16 |    11 ||    42
Armor: Leather armour    |    10 |     2 |     7 |     8 ||    27
       Ring mail         |       |     1 |     5 |       ||     6
Dodge: Dodged            |    36 |    16 |   156 |   182 ||   390
Block: Buckler           |       |       |       |    40 ||    40
